 Dungeon Crawl Stone Soup version 0.28-a0-1080-g05a166d0ed (webtiles) character file.

Game seed: 11766214658176355288

7 yoda5477 the Skirmisher (level 1, -2/18 HPs)
             Began as a Demonspawn Fighter on Dec 9, 2021.
             Slain by a worm (3 damage)
             ... on level 2 of the Dungeon.
             The game lasted 00:01:33 (139 turns).

yoda5477 the Skirmisher (Demonspawn Fighter)         Turns: 139, Time: 00:01:33

Health: -2/18      AC:  8    Str: 16    XL:     1   Next: 91%
Magic:  1/1        EV:  6    Int:  9    God:
Gold:   18         SH:  4    Dex: 12    Spells: 0/0 levels left

rFire   . . .      SeeInvis .   a - +0 war axe
rCold   . . .      Faith    .   c - +0 buckler
rNeg    . . .      Spirit   .   f - +0 chain mail
rPois   .          Reflect  .   (no helmet)
rElec   .          Harm     .   (no cloak)
rCorr   .          Rampage  .   (no gloves)
Will    .....                   (no boots)
Stlth   ..........              (no amulet)
HPRegen 0.06/turn               (no ring)
MPRegen 0.07/turn               (no ring)

@: no status effects
A: no striking features
a: no special abilities


You were on level 2 of the Dungeon.
You visited 1 branch of the dungeon, and saw 2 of its levels.

You collected 18 gold pieces.

Inventory:

Hand Weapons
 a - a +0 war axe (weapon)
Armour
 b - a +0 scale mail
 c - a +0 buckler (worn)
 f - a +0 chain mail (worn)
Potions
 d - a potion of might
 e - a potion of curing {unknown}


   Skills:
 - Level 3.0 Fighting
 * Level 2.1 Axes
 - Level 2.6 Armour
 + Level 3.0 Shields


You couldn't memorise any spells.
You didn't know any spells.
Your spell library was empty.

Dungeon Overview and Level Annotations

Branches:
Dungeon (2/15)

Altars:


Message History

You open the door.
There is an open door here.
Found a chain mail.
Found a stone staircase leading down.
You see here a +0 chain mail.
You start removing your armour.
You continue taking off your +0 scale mail. x4
You finish taking off your +0 scale mail.
You start putting on your armour.
You continue putting on your +0 chain mail. x5
You finish putting on your +0 chain mail.
There is a stone staircase leading down here.
There is a stone staircase leading down here.
You climb downwards.
There is a stone staircase leading up here.
The ball python closely misses you. The ball python grabs you.
You stop ascending the stairs.
The ball python constricts you. The worm bites you.
You hit the ball python.
You kill the ball python!
You hit the worm but do no damage. The worm bites you.
You hit the worm.
The worm is lightly wounded.
You barely miss the worm.
The worm is lightly wounded.
The worm bites you.
You are too injured to fight recklessly!
You are too injured to fight recklessly!
You are too injured to fight recklessly!
You hit the worm but do no damage.
The worm is lightly wounded.
The worm bites you.
* * * LOW HITPOINT WARNING * * *
You slash the worm!
The worm is heavily wounded.
You block the worm's attack.
You barely miss the worm.
The worm is moderately wounded.
The worm bites you.
You die...

### ...
.. #.###
.... ..#
#.#
#######.#
#<#
#@......#
###
#w†....##
+......+
#......#
.........
#########


You could see a worm.

Vanquished Creatures
  A dart slug (D:1)
  A goblin (D:1)
  A hobgoblin (D:1)
  A kobold (D:1)
  A ball python (D:2)
5 creatures vanquished.

Notes
Turn   | Place    | Note
-------+----------+-------------------------------------------
     0 | D:1      | yoda5477 the Demonspawn Fighter began the quest for the
                  | Orb.
     0 | D:1      | Reached XP level 1. HP: 18/18 MP: 1/1
   139 | D:2      | Slain by a worm

Illustrated notes

Levels and vault maps discovered:
D:1:      sevenhm_arrival_forest_fort_large_2, layout_basic,
          hellmonk_ecumenical_altar_pennies_from_heaven
D:2:      layout_basic, minmay_joined_circles

Skill      XL: |  1 |
---------------+----+-----
Axes           | 2 |  2.1
Shields        | 3 |  3.0
Fighting       | |  3.0
Armour         | |  2.6

Action                   || total
-------------------------++-------
Melee: War axe           ||    15
Armor: Scale mail        ||     2
Dodge: Dodged            ||     6
Block: Buckler           ||     3

Table legend: (Time is in decaauts)
 A = Elapsed time spent in this place.
 B = Non-inter-level travel time spent in this place.
 C = Inter-level travel time spent in this place.
 D = Time resting spent in this place.
 E = Time spent auto-exploring this place.
 F = Levels seen in this place.
 G = Mean time per level.
                   A        B        C        D        E       F      G
               +--------+--------+--------+--------+--------+-----+--------+
         Total |    145 |    145 |      0 |      0 |     76 |   2 |   72.5 |
       Dungeon |    145 |    145 |      0 |      0 |     76 |   2 |   72.5 |
               +--------+--------+--------+--------+--------+-----+--------+

Top non-repeatable levels by time:
     D:1: 134 daAuts
     D:2: 11 daAuts
